 Dungeon Crawl Stone Soup version 0.28.0-53-g5a82cb258f (webtiles) character file.

Game seed: 9472783036343714062

5088 Labrat the Destroyer (level 10, -25/86 HPs)
             Began as a Demigod Conjurer on Aug 13, 2022.
             Annihilated by an orc warlord
             ... wielding a +0 broad axe
              (35 damage)
             ... in a bailey.
             The game lasted 00:26:42 (9687 turns).

Labrat the Destroyer (Demigod Conjurer)             Turns: 9687, Time: 00:26:46

Health: -25/86     AC:  4    Str:  8    XL:     10   Next: 10%
Magic:  3/26       EV: 12    Int: 32    God:
Gold:   566        SH:  0    Dex: 12    Spells: 18/25 levels left

rFire   . . .      SeeInvis .   o - +2 great sword (elec)
rCold   . . .      Faith    .   (shield currently unavailable)
rNeg    . . .      Spirit   .   a - +0 robe
rPois   .          Reflect  .   (no helmet)
rElec   .          Harm     .   y - +0 cloak
rCorr   .          Rampage  .   e - +0 pair of gloves
Will    ++...                   (no boots)
Stlth   ++........              z - amulet of magic regeneration
HPRegen 0.24/turn               A - ring of willpower
MPRegen 0.60/turn               (no ring)

@: no status effects
A: high MP 1, forlorn, divine attributes
a: no special abilities


You were in a bailey.
You visited 2 branches of the dungeon, and saw 9 of its levels.
You also visited: Bailey.

You collected 566 gold pieces.

Inventory:

Hand Weapons
 o - a +2 great sword of electrocution (weapon)
Missiles
 s - a throwing net
Armour
 a - a +0 robe (worn)
 e - a +0 pair of gloves (worn)
 y - a +0 cloak (worn)
Jewellery
 p - an amulet of regeneration
 w - a ring of flight
 z - an amulet of magic regeneration (around neck)
 A - a ring of willpower (left hand)
Wands
 f - a wand of charming (4)
 v - a wand of flame (3)
Scrolls
 b - 3 scrolls of identify {unknown}
 c - 4 scrolls of enchant weapon {unknown}
 g - 2 scrolls of blinking {unknown}
 i - 2 scrolls of vulnerability {unknown}
 j - a scroll of magic mapping {unknown}
 n - 2 scrolls of amnesia {unknown}
 r - 2 scrolls of fog {unknown}
 u - a scroll of holy word {unknown}
 x - a scroll of teleportation {unknown}
 B - 2 scrolls of enchant armour {unknown}
 D - a scroll of acquirement
Potions
 d - 3 potions of attraction {unknown}
 h - a potion of brilliance {unknown}
 k - a potion of magic {unknown}
 l - 6 potions of heal wounds {unknown}
 m - a potion of haste {unknown}
 q - a potion of mutation {unknown}
 t - a potion of flight {unknown}
 C - a potion of invisibility


   Skills:
 + Level 7.0 Fighting
 - Level 1.7 Dodging
 - Level 1.7 Stealth
 - Level 8.0 Spellcasting
 - Level 8.0 Conjurations
 - Level 5.0 Evocations


You had 18 spell levels left.
You knew the following spells:

 Your Spells              Type           Power      Damage    Failure   Level
a - Magic Dart            Conj           100%       1d8       1%          1
b - Searing Ray           Conj           100%       2d8       1%          2
c - Iskenderun's Mystic   Conj/Tloc      38%        2d9       7%          4

Your spell library contained the following spells:

 Spells                   Type           Power      Damage    Failure   Level
 Static Discharge         Conj/Air       38%        N/A       1%          2
 Dazzling Flash           Conj/Hex       76%        N/A       2%          3
 Fulminant Prism          Conj/Hex       19%        3d11      7%          4
 Sticky Flame             Conj/Fire      38%        2d6       7%          4
 Dispel Undead            Necr           12%        3d9       36%         4


Dungeon Overview and Level Annotations

Branches:
Dungeon (8/15)             Temple (1/1) D:6          Bailey (1/1)
   Lair: D:8-11

Shops:
D:6 :

Annotations:
D:7 Harold, Joseph


Innate Abilities, Weirdness & Mutations

You have an increased reservoir of magic. (+10% MP)
You shall have no god before yourself.
Your divine heritage dramatically boosts your attributes as you level up.


Message History

Confirm with . or Enter, or press ? or * to list all spells.
You erupt in a blast of force!
The mystic blast hits the orc warlord but does no damage.
The orc warlord is almost dead.
The orc warlord hits you with a +0 broad axe!!
* * * LOW HITPOINT WARNING * * *
Things that are here:
a +0 leather armour; a +0 hand axe
Things that are here:
a +0 leather armour; a +0 hand axe
There is an open door here.
Items here: ))) [[[.
Things that are here:
a +3 leather armour; a +0 hand axe
Items here: )) [[.
Things that are here:
a +0 ring mail; a +0 war axe
Items here: )) [[.
Casting: Iskenderun's Mystic Blast (dangerous; 7% risk of failure)
Confirm with . or Enter, or press ? or * to list all spells.
You erupt in a blast of force!
The mystic blast hits the orc warlord.
The orc warlord is severely wounded.
The orc warlord is knocked back by the mystic blast.
Things that are here:
a +0 leather armour; a +0 hand axe
Items here: )))) [[[.
Casting: Iskenderun's Mystic Blast (dangerous; 7% risk of failure)
Confirm with . or Enter, or press ? or * to list all spells.
You erupt in a blast of force!
The mystic blast hits the orc warlord but does no damage.
The orc warlord is severely wounded.
There is a broken door here.
There is a fountain of clear blue water here.
Casting: Iskenderun's Mystic Blast (dangerous; 7% risk of failure)
Confirm with . or Enter, or press ? or * to list all spells.
You erupt in a blast of force!
The mystic blast hits the orc warlord but does no damage.
The orc warlord is severely wounded.
The orc warlord hits you with a +0 broad axe!!
You die...

#...[.....#
##.........##
##.....⌠....[#######
.##........[##.....##
.[[[[[..[.[['[......#
.[##......[##.......##
[..#.......#.........#
...##.....##...o.....##
....#######..[..@.....#
...## ##.........##
...# #....[....# ..##
##.......## ..#
#.......# .## ##.....##
## ####'## .##
##...[.## ..# #.......#


You could see an orc warlord.

Vanquished Creatures
  Pikel (D:6)
  Prince Ribbit (D:6)
  2 wyverns
  A wraith (D:5)
  Eustachio (D:6)
  An acid dragon (D:7)
  2 water moccasins
  11 orc warriors (Bailey)
  2 sky beasts
  An ice beast (D:6)
  A black bear (D:6)
  2 necrophages
  A lemure (D:6)
  A centaur (D:6)
  Blork the orc (D:4)
  4 bullfrogs
  2 scorpions
  2 water moccasin zombies (D:5)
  5 wights (D:7)
  A howler monkey (D:4)
  3 centaur zombies
  Crazy Yiuf (D:6)
  A bullfrog zombie (D:6)
  3 jellies
  An orc priest (D:4)
  A centaur skeleton (D:5)
  A hound (D:4)
  A gnoll shaman (D:5)
  4 iguanas (D:5)
  3 orc wizards
  A killer bee zombie (D:8)
  A hound skeleton (D:4)
  12 gnolls
  4 adders
  A worm (D:3)
  3 dart slugs
  40 orcs
  4 endoplasms
  3 giant cockroaches
  13 goblins
  9 hobgoblins
  8 jackals
  7 kobolds
  2 quokkas
  8 ball pythons
  6 bats
  2 frilled lizards
  4 rats
190 creatures vanquished.

Vanquished Creatures (others)
  An orc warrior (Bailey)
  31 plants (D:7)
32 creatures vanquished.

Grand Total: 222 creatures vanquished

Notes
Turn   | Place    | Note
-------+----------+-------------------------------------------
     0 | D:1      | Labrat the Demigod Conjurer began the quest for the Orb.
     0 | D:1      | Reached XP level 1. HP: 14/14 MP: 5/5
   371 | D:1      | Reached XP level 2. HP: 14/20 MP: 1/7
   483 | D:1      | Learned a level 2 spell: Searing Ray
  1378 | D:2      | Reached XP level 3. HP: 26/26 MP: 3/9
  2320 | D:3      | Noticed a bullfrog
  2321 | D:3      | Reached XP level 4. HP: 33/33 MP: 8/11
  2324 | D:3      | Killed a bullfrog
  2751 | D:3      | Reached XP level 5. HP: 38/38 MP: 6/13
  2754 | D:3      | Reached skill level 5 in Conjurations
  3481 | D:4      | Noticed Blork the orc
  3740 | D:4      | Reached XP level 6. HP: 45/45 MP: 7/16
  3878 | D:4      | Reached skill level 5 in Spellcasting
  4149 | D:4      | Reached skill level 1 in Fighting
  4160 | D:4      | Killed Blork the orc
  4187 | D:5      | Entered Level 5 of the Dungeon
  4325 | D:5      | Reached XP level 7. HP: 57/57 MP: 10/17
  4983 | D:5      | Noticed a wraith
  5021 | D:5      | Reached skill level 5 in Fighting
  5026 | D:5      | Learned a level 4 spell: Iskenderun's Mystic Blast
  5441 | D:5      | Killed a wraith
  5529 | D:5      | Reached XP level 8. HP: 68/68 MP: 6/20
  5743 | D:6      | Found Jihip's Book Shoppe.
  5916 | D:6      | Noticed Eustachio
  5922 | D:6      | Killed Eustachio
  6095 | D:6      | Noticed Prince Ribbit
  6299 | D:6      | Killed Prince Ribbit
  6375 | D:6      | Noticed Pikel
  6384 | D:6      | Killed Pikel
  6385 | D:6      | Reached XP level 9. HP: 47/74 MP: 13/24
  6574 | D:6      | Found a staircase to the Ecumenical Temple.
  6583 | Temple   | Entered the Ecumenical Temple
  6800 | D:6      | Found a runed translucent door.
  6801 | D:6      | Noticed Crazy Yiuf
  6807 | D:6      | Killed Crazy Yiuf
  7293 | D:7      | Noticed Harold
  8119 | D:7      | Noticed Joseph
  8228 | D:8      | Reached skill level 5 in Evocations
  8293 | D:8      | Found a flagged portal.
  8431 | Bailey   | Entered a bailey
  8974 | Bailey   | Reached XP level 10. HP: 18/84 MP: 16/26
  9419 | Bailey   | Noticed an orc warlord
  9687 | Bailey   | Annihilated by an orc warlord

Illustrated notes

Levels and vault maps discovered:
D:1:      evilmike_arrival_fibonacci_small, layout_basic,
          shapermc_ecumenical_altar_pompeii, minmay_indecisive_spiral
D:2:      layout_basic, basic_altar
D:3:      layout_rooms, nemelex_xobeh_ov_fountains_minmay
D:4:      layout_basic, minmay_misc_feat_diagonals,
          chequers_serial_rivers_marsh, hangedman_decor_diamond_cutter,
          uniq_blork_the_orc
D:5:      layout_basic
D:6:      layout_basic, minmay_temple_entry_mist, serial_shops, shop_coins,
          uniq_prince_ribbit1, uniq_pikel, uniq_crazy_yiuf_cottage,
          uniq_eustachio
D:7:      layout_rooms, st_stairs_10, serial_bayou_lagoon_a, uniq_harold,
          uniq_joseph
D:8:      layout_loops_ring, grunt_temple_overflow_forces_of_nature,
          makhleb_blood_cavern_becter, minitemple, enter_bailey_2, nrook_uturn,
          uniq_psyche
Temple:   nicolae_temple_figure_zero
Bailey:   bailey_axe_minmay_hex_keep, bailey

Skill      XL: |  1  2  3  4  5  6  7  8  9 10 |
---------------+-------------------------------+-----
Spellcasting   | 2 3 4 5 7 8 |  8.0
Conjurations   | 4 5 7 8 |  8.0
Fighting       | 3 5 6 7 |  7.0
Evocations     | 5 |  5.0
Dodging        | |  1.7
Stealth        | |  1.7

Action                   |  1- 3 |  4- 6 |  7- 9 | 10-12 || total
-------------------------+-------+-------+-------+-------++-------
Melee: Unarmed           |     8 |       |       |       ||     8
       Dagger            |       |     4 |       |       ||     4
       Great sword       |       |    11 |    70 |     4 ||    85
Throw: Throwing net      |       |       |       |     1 ||     1
 Cast: Magic Dart        |    94 |    82 |   137 |    19 ||   332
       Searing Ray       |       |     8 |    57 |     6 ||    71
       Iskenderun's Myst |       |       |     2 |    21 ||    23
Evoke: Wand              |       |       |       |     5 ||     5
Armor: Robe              |     4 |     5 |    34 |     1 ||    44
Dodge: Dodged            |    15 |    25 |   127 |     4 ||   171
